AoeStats
← The Red Knight

Arena

505061364Analyzed
1v1 RM · 25d ago on Sep 7, 2026· 21m 44s· 2 players
Game mode
Random Map
Map size
Tiny (2 player)
Population
200
Speed
Normal
Resources
Standard
Victory
Conquest
Starting age
Dark Age
Ending age
Imperial Age
RankedLock teamsTeams togetherTeam positionsShared explorationLock speedFull tech treeHidden civsTurbo modeCheats
Victory
Defeat
🇺🇦 Japanese · Ukraine
1157
+16
🇺🇸 Bengalis · United States
1164
-16
4.
10:45 Feudal Age
15:54 Castle Age
13:48 Double-Bit Axe
14:40 Horse Collar
15:04 Scale Mail Armor
18:41 Gold Mining
The Red Knight
11:22 Feudal Age
15:14 Castle Age
13:29 Double-Bit Axe
14:12 Horse Collar
16:13 Loom
Connection lost

Rejoining the realm…

Still unreachable

The connection could not be restored.

Session expired

The server has moved on; the page needs a fresh start.